 Dungeon Crawl Stone Soup version 0.18-a0-822-gb52b7b4 (webtiles) character file.

86594 glosham the Summoner (level 15, 0/110 HPs)
             Began as a Demigod Summoner on Dec 13, 2015.
             Slain by a salamander
             ... wielding a +0 trident
              (8 damage)
             ... on level 3 of the Snake Pit on Dec 16, 2015.
             The game lasted 12:20:34 (29328 turns).

glosham the Summoner (Demigod Summoner)            Turns: 29328, Time: 12:20:34

Health: 0/110      AC: 19    Str: 18    XL:     15   Next: 2%
Magic:  6/36       EV: 15    Int: 29    God:
Gold:   674        SH:  0    Dex: 19    Spells: 11 memorised, 1 level left

rFire  . . .     SeeInvis .     b - +3 bardiche
rCold  . . .     Gourm    .     X - +2 robe of the Purple Skies {Str+7}
rNeg   . . .     Faith    .     (shield currently unavailable)
rPois  .         Spirit   .     U - +2 hat
rElec  .         Dismiss  +     Y - +2 cloak {+Inv}
rCorr  .         Reflect  .     V - +2 pair of gloves
SustAt +         Harm     .     W - +2 pair of boots of the Assassin {DetectMon Stab+ Stlth++}
MR     +....                    z - amulet of dismissal
Stlth  ++++......               B - +3 ring of dexterity
                                A - +4 ring of protection

@: lethally poisoned (0 -> -4), poison vulnerable, constricted, studying
Polearms, repel missiles, somewhat resistant to hostile enchantments, stealthy
A: horns 1, high mp 1, poison resistance, sustain attributes
a: Evoke Invisibility


You were on level 3 of the Snake Pit.
You were not hungry.

You visited 4 branches of the dungeon, and saw 28 of its levels.
You visited the Abyss 1 time.
You also visited: Labyrinth and Ossuary.

You collected 2626 gold pieces.
You spent 1952 gold pieces at shops.

Inventory:

Hand Weapons
 b - a +3 bardiche (weapon)
 c - a +0 blowgun
 d - the +7 quarterstaff of Pughoaba {venom, +Inv Int+4}
   (You found it on level 7 of the Lair of Beasts)

   It poisons the flesh of those it strikes.
   It affects your intelligence (+4).
   It lets you turn invisible.
 e - the +5 dire flail of Makhleb {flame, rElec Int+2}
   (You found it on level 7 of the Lair of Beasts)

   It has been specially enchanted to burn those struck by it, causing extra
   injury to most foes and up to half again as much damage against particularly
   susceptible opponents.
   It affects your intelligence (+2).
   It insulates you from electricity.
Missiles
 H - 16 curare-tipped needles
Armour
 U - a +2 hat (worn)
 V - a +2 pair of gloves (worn)
 W - the +2 pair of boots of the Assassin (worn) {DetectMon Stab+ Stlth++}
   (You found it on level 8 of the Lair of Beasts)

   It makes you much more stealthy.
 X - the +2 robe of the Purple Skies (worn) {Str+7}
   (You found it on level 8 of the Dungeon)

   It affects your strength (+7).
 Y - a +2 cloak of invisibility (worn)
Magical Staves
 a - an uncursed staff of summoning
Jewellery
 y - an uncursed amulet of resist corrosion
 z - an amulet of dismissal (around neck)
 A - a +4 ring of protection (left hand)
 B - a +3 ring of dexterity (right hand)
 C - an uncursed ring of ice
 D - an uncursed ring of fire
 E - an uncursed ring of fire
 M - an uncursed amulet of harm
Wands
 g - a wand of teleportation (4)
 h - a wand of digging (21)
 N - a wand of cold (7)
Scrolls
 j - 9 scrolls of immolation
 k - 14 scrolls of teleportation
 l - 4 scrolls of blinking
 m - 3 scrolls of fog
 n - 5 scrolls of fear
 o - 15 scrolls of remove curse
 p - 3 scrolls of recharging
 F - a scroll of summoning
 I - 6 scrolls of identify
 J - a scroll of amnesia
 K - a scroll of silence {!r}
 O - a scroll of magic mapping
Potions
 i - 8 potions of lignification
 q - 3 potions of haste
 r - 11 potions of heal wounds
 s - 13 potions of curing
 t - 6 potions of magic
 u - 2 potions of resistance
 v - 5 potions of agility
 w - 9 potions of might
 x - 3 potions of brilliance
 G - 4 potions of flight
 L - 2 potions of invisibility
Books
 P - a manual of Polearms
Miscellaneous
 Q - a lantern of shadows
Comestibles
 f - 12 meat rations


   Skills:
 - Level 4.1 Fighting
 * Level 8.1(9.0) Polearms
 - Level 6.1(8.0) Staves
 - Level 8.0 Dodging
 - Level 1.7 Stealth
 - Level 12.5 Spellcasting
 - Level 12.8 Summonings
 - Level 11.3 Translocations
 - Level 7.1 Air Magic


You had one spell level left.
You knew the following spells:

 Your Spells              Type           Power        Failure   Level  Hunger
a - Apportation           Tloc           ######....   1%          1    None
b - Blink                 Tloc           N/A          1%          2    None
c - Call Canine Familiar  Summ           #######.     1%          3    None
d - Repel Missiles        Chrm/Air       #####.       1%          2    None
e - Malign Gateway        Summ/Tloc      ######....   21%         7    ######.
f - Summon Forest         Summ/Tloc      ######....   1%          5    ##.....
m - Monstrous Menagerie   Summ           #######...   2%          6    ####...
p - Phase Shift           Tloc           ######....   1%          5    ##.....
s - Swiftness             Chrm/Air       #####...     1%          2    None
z - Summon Lightning Spi  Summ/Air       ######..     1%          4    None
B - Summon Butterflies    Summ           #######.     0%          1    None


Dungeon Overview and Level Annotations

Branches:
Dungeon (15/15)            Temple (0/1) D:4            Lair (8/8) D:10
  Swamp (0/4) Lair:4        Snake (3/4) Lair:3        Slime (0/6) Lair:8
    Orc (2/2) D:12            Elf (0/3) Orc:2        Vaults (0/5) D:14
 Depths (0/5) D:15

Shops:
D:6 :   D:7 (   D:8 [?:   D:9 (   D:11 ?   D:12 !   Orc:1 %   Orc:2 *:[[


Innate Abilities, Weirdness & Mutations

You have an increased reservoir of magic (+10% MP).
Your attributes are resistant to harm.
You have a pair of small horns on your head.
Your system is resistant to poisons.


Message History

The salamander hits you from afar with a trident!
You are engulfed in flames!
Your lindwurm barely misses the salamander. x3
The anaconda barely misses you. The anaconda constricts you.
Your lindwurm bites the salamander.
Your lindwurm claws the salamander.
Your lindwurm barely misses the salamander.
The salamander closely misses you.
The salamander hits you but does no damage.
The anaconda bites you but does no damage.
The anaconda constricts you.
You closely miss the anaconda.
The anaconda is lightly wounded.
You feel sick. The anaconda bites you! The anaconda constricts you.
The anaconda bites you but does no damage.
The anaconda constricts you.
Your lindwurm bites the salamander.
Your lindwurm claws the salamander. x2
The salamander hits you from afar with a trident.
You are engulfed in flames!
The salamander hits your lindwurm with a trident!
Your lindwurm is engulfed in flames!
Unknown command.
You barely miss the anaconda.
The anaconda is lightly wounded.
You feel sick. The anaconda misses you. The anaconda constricts you.
The anaconda bites you. The anaconda constricts you.
Your lindwurm bites the salamander!
Your lindwurm claws the salamander.
Your lindwurm claws the salamander!
The salamander hits you from afar with a trident!
* * * LOW HITPOINT WARNING * * *
You are engulfed in flames!
* * * LOW HITPOINT WARNING * * *
The salamander hits your lindwurm with a trident.
Your lindwurm is engulfed in flames!
The anaconda bites you but does no damage.
The anaconda constricts you.
Your lindwurm bites the salamander!
The salamander dies!
The salamander hits you from afar with a trident.
* * * LOW HITPOINT WARNING * * *
You are engulfed in flames!
You die...

......#
.......##
#.......##
#.......##
#.......##
##.......#
..#...†....#
#).))S@..#
...).Nk..##
.......8##
.......##
......#
.....# ...##
.##


You could see a salamander, an anaconda, a friendly lindwurm and a friendly
lightning spire.

Vanquished Creatures
  An orc warlord (Orc:2)
  Nessos (D:14)
  2 centaur warriors
  A shock serpent (Snake:1)
  A titan zombie (D:15)
  Nergalle (D:12)
  An unseen horror (D:8)
  2 hill giants
  2 orc knights (Orc:2)
  A deep elf mage (D:13)
  3 manticores
  A griffon (Lair:5)
  An elephant (Lair:7)
  A centaur zombie (D:15)
  A yaktaur (D:14)
  3 spiny frogs
  2 centaur skeletons (D:14)
  A troll (D:9)
  A blink frog (Lair:5)
  A trapdoor spider (Lab)
  11 yaks
  A wraith (D:15)
  2 steam dragons
  A human (Snake:2)
  A warg (Lair:8)
  A vampire mosquito (D:14)
  2 wolves
  A porcupine (Lair:2)
  A water moccasin (Lair:4)
  An ice beast (D:7)
  5 orc warriors
  3 centaurs
  2 crocodiles
  4 ogres
  A phantom (D:10)
  9 giant frogs
  A killer bee (D:10)
  A wight (D:13)
  3 electric eels
  A crimson imp (D:9)
  A hound (D:6)
  A quasit (D:11)
  A giant frog skeleton (D:12)
  5 orc priests
  An iguana (Lair:8)
  5 orc wizards
  2 sheep
  A hound zombie (D:6)
  A mummy (Ossuary)
  A worker ant zombie (D:8)
  22 river rats
  2 gnolls (D:6)
  2 shadow imps
  An adder zombie (Ossuary)
  25 orcs
  3 giant cockroaches
  A goblin (D:3)
  2 hobgoblins (D:3)
  6 jackals
  3 quokkas
  A bat (D:2)
  2 giant geckos
  A goblin zombie (D:5)
  3 hobgoblin zombies (Ossuary)
  A kobold zombie (D:5)
  2 orc zombies (Ossuary)
  2 rats
  A rat zombie (Ossuary)
  4 fungi
  A plant (Lair:4)
184 creatures vanquished.

Vanquished Creatures (collateral kills)
  Rupert (D:14)
  Gastronok (Orc:1)
  Agnes (D:15)
  Kirke (Snake:2)
  Maud (D:13)
  An orc warlord (Orc:1)
  The ghost of homeworkjunkie the Cleaver, a journeyman HOFi of Okawaru (D:12)
  2 fire dragons
  A minotaur (Lab)
  An ogre mage (D:14)
  A rakshasa (D:15)
  10 hydras
  An ice dragon (Lair:4)
  5 naga warriors
  A catoblepas (Lair:7)
  4 centaur warriors
  4 anacondas
  5 shock serpents
  20 death yaks
  2 naga sharpshooters
  A vampire mage (D:15)
  A deep elf knight (D:14)
  Sonja (D:14)
  A wretched star (Abyss:2)
  5 orc high priests (Orc:2)
  A fire crab (shapeshifter) (D:15)
  2 skeletal warriors
  2 sea snakes (Snake:2)
  An unseen horror (D:14)
  2 naga ritualists (Snake:3)
  A fire crab (Lair:5)
  4 orc knights (Orc:2)
  11 hill giants
  A necromancer (D:15)
  A sphinx zombie (D:15)
  6 deep elf magi
  A lindwurm (Lair:7)
  3 cyclopes
  6 orc sorcerers (Orc:2)
  A griffon (Lair:8)
  A manticore (D:15)
  4 salamanders
  4 mana vipers
  9 elephants (Lair:7)
  2 guardian serpents
  A stone giant skeleton (D:15)
  11 naga magi
  17 black mambas
  3 yaktaurs (D:14)
  2 kobold demonologists (D:15)
  13 spiny frogs
  14 komodo dragons
  A guardian mummy (D:15)
  5 fire drakes
  9 polar bears
  9 trolls
  A boulder beetle (Lair:6)
  4 two-headed ogres
  A raiju (Lair:8)
  3 slime creatures (D:12)
  13 blink frogs
  Sigmund (D:3)
  A human (D:7)
  2 wyverns
  A trapdoor spider (Lab)
  41 yaks
  2 hungry ghosts
  5 basilisks
  A vampire mosquito (D:14)
  12 hippogriffs
  2 mottled dragons
  A spatial vortex (Abyss:2)
  6 swamp worms (Lair:4)
  12 wargs
  23 nagas
  26 wolves
  3 sky beasts
  46 orc warriors
  A necrophage (D:8)
  10 porcupines
  4 hell hounds (Lair:8)
  3 swamp drakes
  9 water moccasins
  2 wasps
  3 ice beasts
  5 boggarts (D:14)
  14 black bears
  20 ogres
  The ghost of George the Slasher, an amateur MiFi (D:3)
  18 crocodiles
  5 centaurs
  2 elf zombies
  A big kobold (D:15)
  A scorpion (D:10)
  2 wyvern skeletons (D:14)
  16 giant frogs
  6 killer bees
  A water moccasin skeleton (D:8)
  3 wights (D:13)
  2 centaur zombies
  8 electric eels
  3 crimson imps
  2 human zombies (Ossuary)
  32 orc priests
  16 iguanas
  2 jellies
  20 orc wizards
  4 centaur skeletons
  Jessica (D:3)
  A giant frog skeleton (D:7)
  4 hell rats (Lair:3)
  21 hounds
  9 worker ants
  10 sheep
  2 hound skeletons
  2 mummies
  19 adders
  9 gnolls
  A worker ant zombie (D:6)
  53 river rats
  A shadow imp (D:11)
  An ooze (D:1)
  An adder zombie (Ossuary)
  An adder skeleton (D:4)
  3 worms
  5 giant geckos
  148 orcs
  2 giant cockroaches
  9 hobgoblins
  10 jackals
  A quokka (D:10)
  8 bats
  3 giant newts
  19 goblins
  3 goblin zombies (Ossuary)
  6 hobgoblin zombies (Ossuary)
  16 kobolds
  8 kobold zombies (Ossuary)
  6 orc zombies (Ossuary)
  11 rats
  A rat zombie (Ossuary)
  3 fungi
  5 plants
1047 creatures vanquished.

Vanquished Creatures (others)
  An eldritch tentacle (Lair:7)
  A shock serpent (Snake:2)
  A naga sharpshooter (Snake:1)
  3 humans (Snake:2)
  A sky beast (D:10)
  An orc wizard (D:11)
  85 eldritch tentacle segments (Lair:7)
  7 fungi
  12 plants
  12 toadstools (Lair:7)
124 creatures vanquished.

Grand Total: 1355 creatures vanquished

Notes
Turn   | Place    | Note
--------------------------------------------------------------
     0 | D:1      | glosham the Demigod Summoner began the quest for the Orb.
     0 | D:1      | Reached XP level 1. HP: 14/14 MP: 5/5
   134 | D:1      | Reached skill level 4 in Summonings
   167 | D:1      | Reached XP level 2. HP: 2/20 MP: 4/7
   172 | D:1      | Learned a level 2 spell: Call Imp
   719 | D:2      | Found an iron altar of Okawaru.
  1048 | D:2      | Found an opulent altar of Gozag.
  1093 | D:2      | Reached XP level 3. HP: 26/26 MP: 2/8
  1100 | D:2      | Reached skill level 2 in Spellcasting
  1119 | D:2      | Learned a level 3 spell: Call Canine Familiar
  1379 | D:2      | Found a shattered altar of Ashenzari.
  1456 | D:3      | Noticed George's ghost (amateur MiFi)
  1481 | D:3      | Noticed Jessica
  1573 | D:3      | Noticed Sigmund
  1577 | D:3      | Killed George's ghost
  1577 | D:3      | Reached skill level 5 in Summonings
  1577 | D:3      | Reached XP level 4. HP: 26/33 MP: 1/10
  1586 | D:3      | Killed Sigmund
  1586 | D:3      | Reached XP level 5. HP: 26/38 MP: 1/12
  1745 | D:3      | Killed Jessica
  2120 | D:3      | Reached skill level 6 in Summonings
  2556 | D:4      | Found a staircase to the Ecumenical Temple.
  2628 | D:4      | Reached skill level 3 in Spellcasting
  2670 | D:4      | Learned a level 4 spell: Summon Lightning Spire
  2716 | D:4      | Reached XP level 6. HP: 45/45 MP: 11/13
  2787 | D:4      | Reached skill level 1 in Air Magic
  3109 | D:5      | Entered Level 5 of the Dungeon
  3150 | D:5      | Reached skill level 2 in Air Magic
  3156 | D:5      | Found a shattered altar of Ashenzari.
  3160 | D:5      | Saw a vision of the Swamp and the Snake Pit.
  3160 | D:5      | Noticed a naga ritualist
  3160 | D:5      | Noticed an alligator
  3160 | D:5      | Noticed a black mamba
  3160 | D:5      | Noticed a naga
  3161 | D:5      | Noticed an alligator
  3161 | D:5      | Noticed a naga sharpshooter
  3162 | D:5      | Noticed a black mamba
  3163 | D:5      | Noticed a naga sharpshooter
  3276 | D:5      | Found Qithriy's Antique Armour Boutique.
  3280 | D:5      | Found a sand-covered staircase.
  3293 | Ossuary  | Entered an ossuary
  3431 | Ossuary  | Reached skill level 3 in Air Magic
  3837 | D:5      | Reached skill level 4 in Air Magic
  3837 | D:5      | Reached XP level 7. HP: 50/50 MP: 9/14
  4367 | D:6      | Found Zevve's Book Shop.
  4761 | D:6      | Reached skill level 5 in Air Magic
  4762 | D:6      | Reached skill level 4 in Spellcasting
  4976 | D:7      | Identified the Papyrus of Vitriolic Translocation
  5110 | D:7      | Found an oddly glowing altar of Pakellas.
  5195 | D:7      | Found a bloodstained altar of Trog.
  5243 | D:7      | Reached XP level 8. HP: 57/57 MP: 11/18
  5270 | D:7      | Found Nyli's Antique Weapon Boutique.
  5381 | D:6      | Bought a book of Air for 350 gold pieces
  5384 | D:6      | Learned a level 2 spell: Repel Missiles
  5388 | D:6      | Learned a level 2 spell: Blink
  5391 | D:6      | Learned a level 2 spell: Swiftness
  5539 | D:7      | Reached skill level 6 in Air Magic
  5564 | D:7      | Reached skill level 5 in Spellcasting
  6229 | D:8      | Found Oneil's Magic Scroll Shoppe.
  6299 | D:8      | Got an ominously black robe
  6316 | D:8      | Identified the +2 robe of the Purple Skies {Str+7} (You found it on level 8 of the Dungeon)
  6348 | D:8      | Reached skill level 1 in Fighting
  6491 | D:8      | Found Sehiviq's Book Shop.
  6562 | D:8      | Found Juuttaun's Armour Shop.
  6630 | D:8      | Killed an unseen horror
  6630 | D:8      | Reached skill level 2 in Fighting
  6630 | D:8      | Reached skill level 7 in Air Magic
  6630 | D:8      | Reached XP level 9. HP: 38/68 MP: 2/21
  6658 | D:8      | Reached skill level 7 in Summonings
  6678 | D:8      | Reached skill level 6 in Spellcasting
  6915 | D:7      | Bought a glowing quarterstaff for 124 gold pieces
  7002 | D:9      | Found Qoutex's Weapon Boutique.
  7078 | D:9      | Reached skill level 1 in Staves
  7226 | D:9      | Reached skill level 2 in Staves
  7345 | D:9      | Found a burning altar of Makhleb.
  7355 | D:9      | Reached skill level 3 in Staves
  7445 | D:9      | Reached skill level 4 in Staves
  7463 | D:9      | Reached skill level 5 in Staves
  7861 | D:8      | Bought a scroll of enchant weapon for 105 gold pieces
  7920 | D:10     | Entered Level 10 of the Dungeon
  7984 | D:10     | Reached skill level 6 in Staves
  8021 | D:10     | Reached skill level 2 in Dodging
  8110 | D:10     | Reached skill level 3 in Dodging
  8231 | D:10     | Reached skill level 1 in Translocations
  8306 | D:10     | Found a staircase to the Lair.
  8418 | D:10     | Reached XP level 10. HP: 74/74 MP: 12/23
  8531 | D:8      | Bought a scroll of immolation for 49 gold pieces
  8667 | D:10     | Learned a level 5 spell: Summon Forest
  8668 | Lair:1   | Entered Level 1 of the Lair of Beasts
  8675 | Lair:1   | Reached skill level 2 in Translocations
  8835 | Lair:1   | Reached skill level 3 in Translocations
  8992 | Lair:1   | Reached skill level 4 in Translocations
  9107 | Lair:1   | Reached skill level 5 in Translocations
  9332 | Lair:1   | Reached skill level 6 in Translocations
  9481 | Lair:1   | Reached skill level 7 in Translocations
  9579 | D:11     | Upgraded the game from 0.18-a0-775-g4d9e04e to 0.18-a0-801-gb01a236
  9634 | D:11     | Noticed a cyclops
  9657 | D:11     | Noticed a manticore
  9665 | D:11     | Killed a manticore
  9672 | D:11     | Killed a cyclops
  9718 | D:11     | Noticed a hill giant
  9734 | D:11     | Killed a hill giant
  9759 | D:11     | Found Ofaekh's Magic Scroll Shoppe.
  9802 | D:11     | Noticed a hill giant
  9825 | D:11     | Killed a hill giant
  9904 | D:11     | Gained mutation: You have a pair of small horns on your head. [potion of beneficial mutation]
  9945 | D:11     | Noticed a seven-headed hydra
  9964 | D:11     | Killed a seven-headed hydra
 10258 | Lair:2   | Reached XP level 11. HP: 81/81 MP: 18/25
 10259 | Lair:2   | Reached skill level 7 in Spellcasting
 10265 | Lair:2   | Noticed a five-headed hydra
 10274 | Lair:2   | Killed a five-headed hydra
 10391 | Lair:2   | Noticed a seven-headed hydra
 10404 | Lair:2   | Killed a seven-headed hydra
 10570 | D:10     | Learned a level 5 spell: Phase Shift
 10924 | Lair:2   | Identified a scroll of acquirement
 11054 | Lair:3   | Found a staircase to the Snake Pit.
 11192 | Lair:3   | Reached skill level 8 in Summonings
 11488 | Lair:3   | Reached skill level 8 in Spellcasting
 11488 | Lair:3   | Reached skill level 8 in Translocations
 11914 | Lair:4   | Noticed a death yak
 11916 | Lair:4   | Noticed a death yak
 11918 | Lair:4   | Noticed a death yak
 11921 | Lair:4   | Killed a death yak
 11928 | Lair:4   | Noticed a death yak
 11937 | Lair:4   | Killed a death yak
 11946 | Lair:4   | Noticed a death yak
 11952 | Lair:4   | Killed a death yak
 11959 | Lair:4   | Killed a death yak
 11976 | Lair:4   | Killed a death yak
 12097 | Lair:4   | Noticed a seven-headed hydra
 12152 | Lair:4   | Noticed a five-headed hydra
 12162 | Lair:4   | Killed a five-headed hydra
 12162 | Lair:4   | Reached skill level 9 in Summonings
 12447 | Lair:4   | Noticed an ice dragon
 12457 | Lair:4   | Killed an ice dragon
 12583 | Lair:4   | Got a dazzling quarterstaff
 12584 | Lair:4   | Identified the cursed +3 quarterstaff of Focus {elec, Int+7 Stlth-} (You found it on level 4 of the Lair of Beasts)
 12649 | Lair:4   | Killed a seven-headed hydra
 12649 | Lair:4   | Reached skill level 9 in Spellcasting
 12741 | Lair:4   | Found a staircase to the Swamp.
 12928 | D:10     | Gained mutation: Your spells are a little easier to cast, but a little less powerful. [potion of mutation]
 12928 | D:10     | Gained mutation: Your system is resistant to poisons. [potion of mutation]
 12928 | D:10     | Lost mutation: Your spells are a little easier to cast, but a little less powerful. [potion of mutation]
 12993 | D:12     | Noticed homeworkjunkie's ghost (journeyman HOFi)
 13049 | D:12     | Killed homeworkjunkie's ghost
 13327 | D:12     | Found Caprigh's Distillery.
 13343 | D:12     | You fall through a shaft for 3 floors!
 13343 | D:15     | Entered Level 15 of the Dungeon
 13347 | D:15     | Noticed a titan zombie
 13402 | D:14     | Found a sparkling altar of Nemelex Xobeh.
 13435 | D:13     | Noticed a centaur warrior
 13442 | D:13     | Noticed a centaur warrior
 13450 | D:13     | Killed a centaur warrior
 13452 | D:13     | Reached XP level 12. HP: 59/88 MP: 15/30
 13622 | D:13     | Reached skill level 10 in Summonings
 13681 | D:13     | Found a labyrinth entrance.
 13690 | Lab      | Entered a labyrinth
 14057 | Lab      | Noticed a minotaur
 14062 | Lab      | Killed a minotaur
 14269 | D:13     | Reached skill level 10 in Spellcasting
 14394 | D:12     | Found a staircase to the Orcish Mines.
 15256 | D:13     | Noticed Maud
 15336 | D:13     | Killed Maud
 15354 | D:13     | Noticed a four-headed hydra
 15358 | D:13     | Killed a four-headed hydra
 15680 | D:14     | Noticed Nessos
 15852 | D:14     | Reached skill level 11 in Summonings
 15978 | D:14     | Noticed Rupert
 16041 | D:14     | HP: 5/88 [something (8)]
 16177 | D:14     | Noticed Sonja
 16267 | D:14     | Killed Sonja
 16271 | D:14     | Killed Nessos
 16290 | D:14     | Noticed an ogre mage
 16660 | D:14     | Noticed a fire dragon
 16680 | D:14     | Killed a fire dragon
 16680 | D:14     | Reached skill level 11 in Spellcasting
 16780 | D:14     | Killed an ogre mage
 17107 | Orc:1    | Entered Level 1 of the Orcish Mines
 17110 | Orc:1    | Noticed Nergalle
 17140 | D:12     | Killed Nergalle
 17209 | Orc:1    | Noticed an orc warlord
 17248 | Orc:1    | Killed an orc warlord
 17455 | Orc:1    | Noticed Gastronok
 17470 | Orc:1    | Killed Gastronok
 17470 | Orc:1    | Reached XP level 13. HP: 63/93 MP: 25/33
 17622 | Orc:1    | Found Oblis's Food Shoppe.
 17641 | Orc:1    | Found a roughly hewn altar of Beogh.
 18389 | D:14     | Found a gate to the Vaults.
 18421 | D:14     | Paralysed by Rupert for 7 turns
 18441 | D:14     | Reached skill level 12 in Summonings
 18446 | D:14     | Killed Rupert
 18650 | D:15     | Found a staircase to the Depths.
 19430 | Lair:5   | Reached skill level 12 in Spellcasting
 20470 | D:8      | Bought a Grand Grimoire for 1324 gold pieces
 20477 | D:8      | Learned a level 6 spell: Monstrous Menagerie
 20925 | Lair:7   | Upgraded the game from 0.18-a0-801-gb01a236 to 0.18-a0-816-g97f838e
 20959 | Lair:7   | Noticed an eldritch tentacle
 21033 | Lair:7   | Killed an eldritch tentacle
 21370 | Lair:7   | Got a polished dire flail
 21372 | Lair:7   | Identified the Compendium of Destructive Weightlessness
 21376 | Lair:7   | Got a crude quarterstaff
 21377 | Lair:7   | Identified the +7 quarterstaff of Pughoaba {venom, +Inv Int+4} (You found it on level 7 of the Lair of Beasts)
 21378 | Lair:7   | Identified the +5 dire flail of Makhleb {flame, rElec Int+2} (You found it on level 7 of the Lair of Beasts)
 21575 | Lair:7   | Reached skill level 9 in Translocations
 22226 | Lair:8   | Entered Level 8 of the Lair of Beasts
 22258 | Lair:8   | Found a staircase to the Slime Pits.
 22258 | Lair:8   | Found a viscous altar of Jiyva.
 22583 | Lair:8   | Reached skill level 10 in Translocations
 22761 | Lair:8   | Reached XP level 14. HP: 94/100 MP: 11/35
 23224 | Lair:8   | Reached skill level 11 in Translocations
 23322 | Lair:8   | Learned a level 7 spell: Malign Gateway
 23923 | Orc:2    | Entered Level 2 of the Orcish Mines
 24373 | Orc:2    | Found Kuxaac's Antique Armour Boutique.
 24389 | Orc:2    | Reached skill level 4 in Dodging
 24420 | Orc:2    | Found Ehu Rija's Antique Armour Shop.
 24488 | Orc:2    | Found a roughly hewn altar of Beogh.
 24769 | Orc:2    | Reached skill level 5 in Dodging
 25156 | Orc:2    | Found a staircase to the Elven Halls.
 25379 | D:10     | Cast into level 2 of the Abyss (a distortion unwield)
 25573 | D:10     | Escaped the Abyss
 25773 | Orc:2    | Reached skill level 6 in Dodging
 25807 | Orc:2    | Noticed an orc warlord
 25825 | Orc:2    | Killed an orc warlord
 25873 | Orc:2    | Found a roughly hewn altar of Beogh.
 26012 | Orc:2    | Found Budutead's Book Boutique.
 26200 | Orc:2    | Found Tixuor's Assorted Antiques.
 26411 | D:15     | Reached skill level 7 in Dodging
 26454 | D:15     | Upgraded the game from 0.18-a0-816-g97f838e to 0.18-a0-822-gb52b7b4
 26550 | D:15     | Noticed Agnes
 26556 | D:15     | Killed Agnes
 27164 | D:12     | Reached skill level 8 in Dodging
 27265 | Snake:1  | Entered Level 1 of the Snake Pit
 27376 | Snake:1  | Reached skill level 3 in Fighting
 27470 | Snake:1  | Reached skill level 4 in Fighting
 27500 | Snake:1  | Learned a level 1 spell: Summon Butterflies
 27995 | D:10     | Learned a level 1 spell: Apportation
 28284 | Snake:2  | Reached skill level 1 in Polearms
 28311 | Snake:2  | Noticed Kirke
 28347 | Snake:2  | Killed Kirke
 28347 | Snake:2  | Reached skill level 2 in Polearms
 28514 | Snake:2  | Reached skill level 3 in Polearms
 28652 | Snake:2  | Reached skill level 4 in Polearms
 28815 | Snake:2  | Reached skill level 5 in Polearms
 29025 | Snake:2  | Reached skill level 6 in Polearms
 29302 | Snake:3  | Reached skill level 7 in Polearms
 29318 | Snake:3  | Reached XP level 15. HP: 110/110 MP: 13/36
 29324 | Snake:3  | Reached skill level 8 in Polearms
 29328 | Snake:3  | HP: 8/110 [salamander/trident (4)]
 29328 | Snake:3  | Slain by a salamander

Vault maps used:
D:1:      lemuel_arrival_cross, st_stairs_12
D:2:      grunt_gozag_breadcrumbs, okawaru_metal_pillars_1_2, lemuel_round_altar
D:3:      minmay_goblin_outpost, uniq_sigmund, uniq_jessica
D:4:      minmay_temple_entry_statues
D:5:      nicolae_ossuary_entry_giza, first_bread, gup_sewer_entry_spiral,
          serial_shops, shop, grunt_ashenzari_visionary
D:6:      serial_shops, shop
D:7:      bloody_trog, grunt_pakellas_sulfur, serial_shops, shop, minmay_holes,
          grunt_livestock
D:8:      serial_shops, shop, nicolae_shop_window_shopping, kennysheep_mini
D:9:      makhleb_heckhound_becter, serial_shops, nicolae_shop_waterfront
D:10:     lemuel_ice_spiral_2, lair_0_dummy
D:11:     serial_column_ruins, column_ruins_open_medium,
          column_ruins_columns_dead_end, column_ruins_open_medium,
          column_ruins_corridor_straight, column_ruins_open_small, serial_shops,
          shop, nicolae_lava_and_water
D:12:     hiddenorc2_lemuel, serial_shops, nicolae_shop_stone
D:13:     lab_entry_generic, kennysheep_generic_room_3, uniq_maud
D:14:     hangedman_vaults_entry_quadrant_bands,
          nemelex_xobeh_ov_fountains_minmay, uniq_nessos, uniq_rupert,
          uniq_sonja
D:15:     gammafunk_depths_entry_grave, uniq_agnes
Lair:1:   beast_lair_carwin_1
Lair:3:   minmay_snake_entry_spellcaster
Lair:4:   dragon1_lemuel, nicolae_swamp_entry_splash_gauntlet,
          hibernation_bobbens, infiniplex_staircase_pool
Lair:5:   serial_bayou_shore_a, lemuel_fruit_tree, serial_bayou_shore_b
Lair:6:   grunt_megastairs_1
Lair:7:   gammafunk_lair_enchanted_lake, beast_lair_carwin_3
Lair:8:   guppyfry_lair_end_dragon, hangedman_lair_caniforms_friends,
          slime_altar_1
Snake:1:  grunt_ministairs_1
Snake:2:  uniq_kirke
Orc:1:    serial_shops, shop, basic_altar, mumra_transporter_accident,
          uniq_nergalle, uniq_gastronok
Orc:2:    pubby_orc_utopia
Lab:      labyrinth_mini_lab, nicolae_lab_checkerboard, nicolae_lab_arrow,
          labyrinth_skeletal_remains, lab_fountain, labyrinth_glass_1,
          nicolae_lab_plus
Ossuary:  ossuary_tomb_1

Action                   |  1- 3 |  4- 6 |  7- 9 | 10-12 | 13-15 || total
-------------------------+-------+-------+-------+-------+-------++-------
Melee: Dagger            |    16 |       |       |       |       ||    16
       Short sword       |     8 |     5 |       |       |       ||    13
       Scythe            |       |    78 |     4 |       |       ||    82
       Flail             |       |       |    89 |       |       ||    89
       Quarterstaff      |       |       |    48 |   229 |   226 ||   503
       Staff             |       |       |       |     2 |     2 ||     4
       Bardiche          |       |       |       |       |    22 ||    22
       Dire flail        |       |       |       |       |     4 ||     4
 Fire: Blowgun           |       |       |       |     6 |       ||     6
 Cast: Summon Small Mamm |    10 |       |       |       |       ||    10
       Call Imp          |    41 |    50 |       |     6 |     1 ||    98
       Call Canine Famil |     2 |     3 |    14 |    24 |     4 ||    47
       Summon Lightning  |       |    16 |    70 |   193 |   169 ||   448
       Repel Missiles    |       |       |     2 |       |     1 ||     3
       Phase Shift       |       |       |       |    29 |    45 ||    74
       Blink             |       |       |       |     3 |     2 ||     5
       Summon Forest     |       |       |       |     3 |       ||     3
       Monstrous Menager |       |       |       |       |   132 ||   132
       Apportation       |       |       |       |       |     1 ||     1
Evoke: Wand              |       |     1 |     1 |    14 |       ||    16
  Use: Scroll            |     4 |     9 |    13 |    21 |    10 ||    57
       Potion            |       |       |       |     7 |       ||     7
 Stab: Sleeping          |       |     3 |     3 |     2 |     3 ||    11
       Distracted        |       |     2 |     2 |     7 |    10 ||    21
       Confused          |       |       |       |       |     2 ||     2
       Paralysed         |       |       |       |       |     2 ||     2
  Eat: Chunk             |     5 |     8 |    22 |    33 |    52 ||   120
       Beef jerky        |       |     1 |       |     2 |     2 ||     5
       Meat ration       |       |     1 |       |       |     1 ||     2
       Fruit             |       |       |       |     5 |     3 ||     8
       Pizza             |       |       |       |       |     2 ||     2
       Bread ration      |       |       |       |       |     1 ||     1

Table legend:
 A = Turns spent in this place as a percentage of turns spent in the entire game.
 B = Non-inter-level travel turns spent in this place as a percentage of non-inter-level travel turns spent in the entire game.
 C = Inter-level travel turns spent in this place as a percentage of turns spent in this place.
 D = Turns resting spent in this place as a percentage of non-inter-level travel turns spent in this place.
 E = Turns spent auto-exploring this place as a percentage of non-inter-level travel turns spent in this place.
 F = Non-inter-level travel turns spent in this place divided by the number of levels of this place that you've seen.
                   A       B       C       D       E      F
               +-------+-------+-------+-------+-------+----------------------
         Total | 100.0 | 100.0 |   0.6 |   0.1 |   0.3 | 698.2
       Dungeon |  47.0 |  46.9 |   0.8 |   0.3 |   0.4 | 677.1
          Lair |  31.6 |  31.6 |   0.6 |   0.0 |   0.2 | 856.1
     Snake Pit |   6.3 |   6.3 |   0.2 |   0.0 |   0.2 | 453.7
  Orcish Mines |  11.3 |  11.3 |   0.3 |   0.1 |   0.2 | 1222.5
         Abyss |   0.9 |   0.9 |   0.0 |   0.0 |   0.0 | 198.0
     Labyrinth |   1.8 |   1.8 |   0.0 |   0.0 |   0.0 | 384.0
       Ossuary |   1.1 |   1.2 |   0.0 |   1.2 |   0.0 | 250.0
               +-------+-------+-------+-------+-------+----------------------

Table legend:
 A = Kills in this place as a percentage of kills in entire the game.
 B = Kills by you in this place as a percentage of kills by you in the entire game.
 C = Kills by friends in this place as a percentage of kills by friends in the entire game.
 D = Other kills in this place as a percentage of other kills in the entire game.
 E = Experience gained in this place as a percentage of experience gained in the entire game.
 F = Experience gained in this place divided by the number of levels of this place that you have seen.
                   A       B       C       D       E      F
               +-------+-------+-------+-------+-------+----------------------
         Total | 100.0 | 100.0 | 100.0 | 100.0 | 100.0 | 3990.5
       Dungeon |  40.0 |  49.4 |  38.4 |  33.3 |  33.5 | 2766.1
          Lair |  32.5 |  29.2 |  33.1 |   0.0 |  36.4 | 5633.4
     Snake Pit |   6.8 |   0.6 |   7.7 |  66.7 |  16.6 | 6832.7
  Orcish Mines |  17.2 |  15.7 |  17.5 |   0.0 |  12.3 | 7588.0
         Abyss |   0.1 |   0.0 |   0.1 |   0.0 |   0.3 | 399.0
     Labyrinth |   0.2 |   0.6 |   0.2 |   0.0 |   0.7 | 862.0
       Ossuary |   3.1 |   4.5 |   2.9 |   0.0 |   0.2 | 213.0
               +-------+-------+-------+-------+-------+----------------------

Vault maps used:
D:1:      lemuel_arrival_cross, st_stairs_12
D:2:      grunt_gozag_breadcrumbs, okawaru_metal_pillars_1_2, lemuel_round_altar
D:3:      minmay_goblin_outpost, uniq_sigmund, uniq_jessica
D:4:      minmay_temple_entry_statues
D:5:      nicolae_ossuary_entry_giza, first_bread, gup_sewer_entry_spiral,
          serial_shops, shop, grunt_ashenzari_visionary
D:6:      serial_shops, shop
D:7:      bloody_trog, grunt_pakellas_sulfur, serial_shops, shop, minmay_holes,
          grunt_livestock
D:8:      serial_shops, shop, nicolae_shop_window_shopping, kennysheep_mini
D:9:      makhleb_heckhound_becter, serial_shops, nicolae_shop_waterfront
D:10:     lemuel_ice_spiral_2, lair_0_dummy
D:11:     serial_column_ruins, column_ruins_open_medium,
          column_ruins_columns_dead_end, column_ruins_open_medium,
          column_ruins_corridor_straight, column_ruins_open_small, serial_shops,
          shop, nicolae_lava_and_water
D:12:     hiddenorc2_lemuel, serial_shops, nicolae_shop_stone
D:13:     lab_entry_generic, kennysheep_generic_room_3, uniq_maud
D:14:     hangedman_vaults_entry_quadrant_bands,
          nemelex_xobeh_ov_fountains_minmay, uniq_nessos, uniq_rupert,
          uniq_sonja
D:15:     gammafunk_depths_entry_grave, uniq_agnes
Lair:1:   beast_lair_carwin_1
Lair:3:   minmay_snake_entry_spellcaster
Lair:4:   dragon1_lemuel, nicolae_swamp_entry_splash_gauntlet,
          hibernation_bobbens, infiniplex_staircase_pool
Lair:5:   serial_bayou_shore_a, lemuel_fruit_tree, serial_bayou_shore_b
Lair:6:   grunt_megastairs_1
Lair:7:   gammafunk_lair_enchanted_lake, beast_lair_carwin_3
Lair:8:   guppyfry_lair_end_dragon, hangedman_lair_caniforms_friends,
          slime_altar_1
Snake:1:  grunt_ministairs_1
Snake:2:  uniq_kirke
Orc:1:    serial_shops, shop, basic_altar, mumra_transporter_accident,
          uniq_nergalle, uniq_gastronok
Orc:2:    pubby_orc_utopia
Lab:      labyrinth_mini_lab, nicolae_lab_checkerboard, nicolae_lab_arrow,
          labyrinth_skeletal_remains, lab_fountain, labyrinth_glass_1,
          nicolae_lab_plus
Ossuary:  ossuary_tomb_1
